AoeStats
← ArchiDrum

Hideout

509732712Analyzed
1v1 RM · 3d ago on Sep 27, 2026· 37m 38s· 2 players
Game mode
Random Map
Map size
Tiny (2 player)
Population
200
Speed
Normal
Resources
Standard
Victory
Conquest
Starting age
Dark Age
Ending age
Imperial Age
RankedLock teamsTeams togetherTeam positionsShared explorationLock speedFull tech treeHidden civsTurbo modeCheats
Victory
Defeat
🇬🇧 Khmer · United Kingdom
970
+17
🇨🇿 Armenians · Czechia
983
-17
Poi
13:12 Feudal Age
17:08 Castle Age
17:18 Loom
ArchiDrum
11:02 Feudal Age
10:07 Loom
11:59 Man-at-Arms
12:29 Double-Bit Axe
12:50 Arson
12:51 Horse Collar
14:06 Forging
17:33 Long Swordsman
36:37 Castle Age
Connection lost

Rejoining the realm…

Still unreachable

The connection could not be restored.

Session expired

The server has moved on; the page needs a fresh start.